3L
SEATTLE AVIATORS @ NEW ORLEANS VOODOO
08/12/2030
 
TOP OF THE 1ST
Seattle Aviators batting - Pitching for New Orleans Voodoo : LHP Fernando Padilla
Pitching: LHP Fernando Padilla
Batting: SHB Juan Torres 0-0: Ball
1-0: Foul Ball, location: 2F
1-1: Foul Ball, location: 2F
1-2: Strikes out swinging
Batting: SHB Nuygen Vuong 0-0: Called Strike
0-1: Ball
1-1: Ground out 5-3 (Groundball, 56)
Batting: RHB José Rodríguez 0-0: Ball
1-0: DOUBLE (Line Drive, 7LM)
Batting: RHB Seon-keun Kim 0-0: Called Strike
0-1: SINGLE (Flyball, 7LS)
José Rodríguez to third
Runner from 3rd tries for Home, SAFE, no throw
Batting: LHB Jorge Mojica 0-0: Ball
1-0: Ball
2-0: DOUBLE (Line Drive, 89XD)
Seon-keun Kim to third
Runner from 3rd tries for Home, SAFE, no throw
Batting: LHB Kenny Webster 0-0: Called Strike
0-1: Ground out 5-3 (Groundball, 5)
Top of the 1st over - 2 runs, 3 hits, 0 errors, 1 left on base; Seattle 2 - New Orleans 0
BOTTOM OF THE 1ST
New Orleans Voodoo batting - Pitching for Seattle Aviators : RHP Zach Rediker
Pitching: RHP Zach Rediker
Batting: RHB Rafael Arredondo 0-0: Ball
1-0: Called Strike
1-1: SINGLE (Line Drive, 56D)
Batting: RHB Mario Álvarez 0-0: Ball
1-0: Foul Ball, location: 2F
1-1: Ball
2-1: Foul Ball, location: 2F
2-2: Grounds into double play, 1-4-3 (Groundball, 15S)
Batting: SHB Carlos Rodríguez 0-0: Ball
1-0: Ball
2-0: Foul Ball, location: 2F
2-1: Called Strike
2-2: Ball
3-2: Strikes out swinging
Bottom of the 1st over - 0 runs, 1 hit, 0 errors, 0 left on base; Seattle 2 - New Orleans 0
TOP OF THE 2ND
Seattle Aviators batting - Pitching for New Orleans Voodoo : LHP Fernando Padilla
Batting: RHB Albert Zamudio 0-0: Foul Ball, location: 2F
0-1: Ball
1-1: Fly out, F7 (Flyball, 78M)
Batting: LHB Pedro Corona 0-0: Foul Ball, location: 2F
0-1: Fly out, F3 (Line Drive, 34)
Batting: SHB Pedro Ortega 0-0: Called Strike
0-1: Ball
1-1: DOUBLE (Groundball, 5L)
Batting: SHB Juan Torres 0-0: Called Strike
0-1: Swinging Strike
0-2: Strikes out swinging
Top of the 2nd over - 0 runs, 1 hit, 0 errors, 1 left on base; Seattle 2 - New Orleans 0
BOTTOM OF THE 2ND
New Orleans Voodoo batting - Pitching for Seattle Aviators : RHP Zach Rediker
Batting: RHB Claudio Tappen 0-0: Foul Ball, location: 2F
0-1: Ball
1-1: Ball
2-1: Swinging Strike
2-2: Ball
3-2: Base on Balls
Batting: LHB William O'Keefe 0-0: Ball
1-0: Called Strike
1-1: TRIPLE (Line Drive, 9D)
Claudio Tappen scores
Batting: RHB Griffin Woodfinlevine 0-0: Ball
1-0: Foul Ball, location: 2F
1-1: Ball
2-1: Ground out 6-3 (Groundball, 6)
William O'Keefe scores
Batting: SHB Zuberi Mccray 0-0: SINGLE (Flyball, 89M)
Batting: RHB Arnold Giroux 0-0: Ball
1-0: Ball
2-0: Ground out U3 (Groundball, 34S)
Zuberi Mccray to second
Batting: RHB António Pérez 0-0: 2-RUN HOME RUN (Flyball, 7D), Distance : 353 ft
Batting: RHB Rafael Arredondo 0-0: Ball
1-0: Ball
2-0: Foul Ball, location: 2F
2-1: Foul Ball, location: 2F
2-2: Foul Ball, location: 2F
2-2: Ground out 6-3 (Groundball, 6)
Bottom of the 2nd over - 4 runs, 3 hits, 0 errors, 0 left on base; Seattle 2 - New Orleans 4
TOP OF THE 3RD
Seattle Aviators batting - Pitching for New Orleans Voodoo : LHP Fernando Padilla
Batting: SHB Nuygen Vuong 0-0: Fly out, F6 (Line Drive, 6M)
Batting: RHB José Rodríguez 0-0: Ball
1-0: Foul Ball, location: 2F
1-1: DOUBLE (Groundball, 5L)
Batting: RHB Seon-keun Kim 0-0: Ball
1-0: Ball
2-0: Called Strike
2-1: Ball
3-1: Base on Balls
Batting: LHB Jorge Mojica 0-0: DOUBLE (Line Drive, 3D)
José Rodríguez scores
Seon-keun Kim to third
Batting: LHB Kenny Webster 0-0: Ball
1-0: Ball
2-0: Foul Ball, location: 2F
2-1: Fly out, F7 (Flyball, 7S)
Runner from 3rd tags up, OUT at HOME
Top of the 3rd over - 1 run, 2 hits, 0 errors, 1 left on base; Seattle 3 - New Orleans 4
BOTTOM OF THE 3RD
New Orleans Voodoo batting - Pitching for Seattle Aviators : RHP Zach Rediker
Batting: RHB Mario Álvarez 0-0: DOUBLE (Line Drive, 78D)
Batting: SHB Carlos Rodríguez 0-0: Ball
1-0: Ball
2-0: Ground out 4-3 (Groundball, 4)
Mario Álvarez to third
Batting: RHB Claudio Tappen 0-0: Called Strike
0-1: Foul Ball, location: 2F
0-2: Ball
1-2: DOUBLE (Line Drive, 9LM)
Mario Álvarez scores
Batting: LHB William O'Keefe 0-0: Intentional Walk
Batting: RHB Griffin Woodfinlevine 0-0: Called Strike
0-1: Ball
1-1: Fielders Choice at 2nd, 3-6 (Groundball, 34)
Claudio Tappen to third
Batting: SHB Zuberi Mccray 0-0: Called Strike
0-1: Ball
1-1: Swinging Strike
1-2: Ball
2-2: Ball
3-2: Foul Ball, location: 2F
3-2: Base on Balls
Griffin Woodfinlevine to second
Batting: RHB Arnold Giroux 0-0: Ball
1-0: Called Strike
1-1: Called Strike
1-2: Fly out, F6 (Line Drive, 6M)
Bottom of the 3rd over - 1 run, 2 hits, 0 errors, 3 left on base; Seattle 3 - New Orleans 5
TOP OF THE 4TH
Seattle Aviators batting - Pitching for New Orleans Voodoo : LHP Fernando Padilla
Batting: RHB Albert Zamudio 0-0: Called Strike
0-1: Ball
1-1: Ball
2-1: Foul Ball, location: 2F
2-2: Fly out, F7 (Flyball, 7D)
Batting: LHB Pedro Corona 0-0: Ground out 4-3 (Groundball, 4)
Batting: SHB Pedro Ortega 0-0: Ball
1-0: SINGLE (Groundball, 56D)
Batting: SHB Juan Torres 0-0: Ball
1-0: Ball
2-0: SINGLE (Flyball, 89S)
Pedro Ortega to second
Runner from 2nd tries for 3rd, SAFE, throw made to third
Batting: SHB Nuygen Vuong 0-0: Called Strike
0-1: Ball
1-1: Foul Ball, location: 2F
1-2: Ground out 4-3 (Groundball, 4)
Top of the 4th over - 0 runs, 2 hits, 0 errors, 2 left on base; Seattle 3 - New Orleans 5
BOTTOM OF THE 4TH
New Orleans Voodoo batting - Pitching for Seattle Aviators : RHP Zach Rediker
Batting: RHB António Pérez 0-0: Fly out, F4 (Popup, 13)
Batting: RHB Rafael Arredondo 0-0: Ground out 6-3 (Groundball, 6S)
Batting: RHB Mario Álvarez 0-0: Ball
1-0: Ball
2-0: Ball
3-0: Called Strike
3-1: SINGLE (Line Drive, 56D)
Batting: SHB Carlos Rodríguez 0-0: Ball
1-0: Ball
2-0: Called Strike
2-1: Ball
Wild Pitch!
Mario Álvarez to second
3-1: Foul Ball, location: 2F
3-2: Base on Balls
Batting: RHB Claudio Tappen 0-0: Ball
1-0: Ball
2-0: Fielders Choice at 2nd, 6-4 (Groundball, 6)
Bottom of the 4th over - 0 runs, 1 hit, 0 errors, 2 left on base; Seattle 3 - New Orleans 5
TOP OF THE 5TH
Seattle Aviators batting - Pitching for New Orleans Voodoo : LHP Fernando Padilla
Batting: RHB José Rodríguez 0-0: Ball
1-0: Called Strike
1-1: Ball
2-1: Ball
3-1: Ground out 5-3 (Groundball, 56S)
Batting: RHB Seon-keun Kim 0-0: Ball
1-0: Ball
2-0: Ball
3-0: Base on Balls
Batting: LHB Jorge Mojica 0-0: Ball
1-0: Swinging Strike
1-1: Ball
2-1: Swinging Strike
2-2: Ball
3-2: SINGLE (Groundball, 3D)
Seon-keun Kim to second
Runner from 2nd tries for 3rd, SAFE, no throw
Batting: LHB Kenny Webster 0-0: Ball
1-0: Ball
2-0: Grounds into double play, 4-6-3 (Groundball, 4)
Top of the 5th over - 0 runs, 1 hit, 0 errors, 1 left on base; Seattle 3 - New Orleans 5
BOTTOM OF THE 5TH
New Orleans Voodoo batting - Pitching for Seattle Aviators : RHP Zach Rediker
Batting: LHB William O'Keefe 0-0: Foul Ball, location: 2F
0-1: Ball
1-1: Swinging Strike
1-2: DOUBLE (Groundball, 3L)
Batting: RHB Griffin Woodfinlevine 0-0: Intentional Walk
Batting: SHB Zuberi Mccray 0-0: Sac Bunt - play at first, batter OUT! 1-3
William O'Keefe to third
Griffin Woodfinlevine to second
Batting: RHB Arnold Giroux 0-0: Intentional Walk
Batting: RHB António Pérez 0-0: Swinging Strike
0-1: GRAND SLAM HOME RUN (Flyball, 7LD), Distance : 341 ft
Batting: RHB Rafael Arredondo 0-0: Foul Ball, location: 2F
0-1: Ball
1-1: Ball
2-1: Ball
3-1: Foul Ball, location: 2F
3-2: Foul Ball, location: 2F
3-2: Strikes out looking
Batting: RHB Mario Álvarez 0-0: Ball
1-0: Ball
2-0: Foul Ball, location: 2F
2-1: Ground out 5-3 (Groundball, 56)
Bottom of the 5th over - 4 runs, 2 hits, 0 errors, 0 left on base; Seattle 3 - New Orleans 9
TOP OF THE 6TH
Seattle Aviators batting - Pitching for New Orleans Voodoo : LHP Fernando Padilla
Batting: RHB Albert Zamudio 0-0: Called Strike
0-1: Ball
1-1: Ball
2-1: Foul Ball, location: 2F
2-2: Foul Ball, location: 2F
2-2: Ground out 4-3 (Groundball, 4)
Batting: LHB Pedro Corona 0-0: SINGLE (Groundball, 5D)
Batting: SHB Pedro Ortega 0-0: Called Strike
0-1: Called Strike
0-2: Fielders Choice at 2nd, 1-6 (Groundball, 13)
Batting: SHB Juan Torres 0-0: Ball
1-0: Called Strike
1-1: Ball
2-1: Swinging Strike
2-2: SINGLE (Line Drive, 56D)
Pedro Ortega to second
Batting: SHB Nuygen Vuong 0-0: Called Strike
0-1: Swinging Strike
0-2: Strikes out looking
Top of the 6th over - 0 runs, 2 hits, 0 errors, 2 left on base; Seattle 3 - New Orleans 9
BOTTOM OF THE 6TH
New Orleans Voodoo batting - Pitching for Seattle Aviators : RHP Zach Rediker
Pitching: RHP Claudio Díaz
Now at 2B: Jorge Ortíz
Batting: SHB Carlos Rodríguez 0-0: Called Strike
0-1: Foul Ball, location: 2F
0-2: Strikes out looking
Batting: RHB Claudio Tappen 0-0: Ball
1-0: Foul Ball, location: 2F
1-1: Ground out 5-3 (Groundball, 5S)
Batting: LHB William O'Keefe 0-0: Ball
1-0: Ball
2-0: Called Strike
2-1: Ball
3-1: Swinging Strike
3-2: Base on Balls
Batting: RHB Griffin Woodfinlevine 0-0: Fly out, F8 (Line Drive, 8RD)
Bottom of the 6th over - 0 runs, 0 hits, 0 errors, 1 left on base; Seattle 3 - New Orleans 9
TOP OF THE 7TH
Seattle Aviators batting - Pitching for New Orleans Voodoo : LHP Fernando Padilla
Batting: RHB José Rodríguez 0-0: Ball
1-0: Ground out 1-3 (Groundball, 13)
Batting: RHB Seon-keun Kim 0-0: DOUBLE (Line Drive, 5D)
Batting: LHB Jorge Mojica 0-0: Ball
1-0: Called Strike
1-1: Swinging Strike
Passed Ball!
Seon-keun Kim to third
1-2: Ball
2-2: Strikes out looking
Batting: LHB Kenny Webster 0-0: Swinging Strike
0-1: SINGLE (Groundball, 34S) (infield hit)
Seon-keun Kim scores
Batting: RHB Albert Zamudio 0-0: Ball
1-0: Foul Ball, location: 2F
1-1: Called Strike
1-2: Ball
2-2: Foul Ball, location: 2F
2-2: Strikes out swinging
Top of the 7th over - 1 run, 2 hits, 0 errors, 1 left on base; Seattle 4 - New Orleans 9
BOTTOM OF THE 7TH
New Orleans Voodoo batting - Pitching for Seattle Aviators : RHP Claudio Díaz
Batting: SHB Zuberi Mccray 0-0: Ball
1-0: Called Strike
1-1: SINGLE (Groundball, 34D)
Batting: RHB Arnold Giroux 0-0: Ball
1-0: Swinging Strike
1-1: Foul Ball, location: 2F
1-2: Strikes out swinging
Batting: RHB António Pérez 0-0: Ball
1-0: Ball
2-0: Ball
3-0: Base on Balls
Zuberi Mccray to second
Batting: RHB Rafael Arredondo 0-0: Called Strike
0-1: Foul Ball, location: 2F
0-2: Foul Ball, location: 2F
0-2: Fielders Choice at 2nd, 6-4 (Groundball, 6M)
Zuberi Mccray to third
Batting: RHB Mario Álvarez Pickoff Throw to First - Out!
Bottom of the 7th over - 0 runs, 1 hit, 0 errors, 1 left on base; Seattle 4 - New Orleans 9
TOP OF THE 8TH
Seattle Aviators batting - Pitching for New Orleans Voodoo : LHP Fernando Padilla
Batting: LHB Jorge Ortíz 0-0: Ball
1-0: Called Strike
1-1: Ball
2-1: Foul Ball, location: 2F
2-2: Strikes out swinging
Batting: SHB Pedro Ortega 0-0: Called Strike
0-1: Ground out 6-3 (Groundball, 56)
Batting: SHB Juan Torres 0-0: Ball
1-0: Swinging Strike
1-1: Ball
2-1: Fly out, F8 (Flyball, 8RD)
Top of the 8th over - 0 runs, 0 hits, 0 errors, 0 left on base; Seattle 4 - New Orleans 9
BOTTOM OF THE 8TH
New Orleans Voodoo batting - Pitching for Seattle Aviators : RHP Claudio Díaz
Batting: RHB Mario Álvarez 0-0: Ball
1-0: Fly out, F4 (Line Drive, 4M)
Batting: SHB Carlos Rodríguez 0-0: Ball
1-0: Swinging Strike
1-1: Ball
2-1: Ball
3-1: Swinging Strike
3-2: Foul Ball, location: 2F
3-2: Strikes out swinging
Batting: RHB Claudio Tappen 0-0: Ball
1-0: Called Strike
1-1: Ball
2-1: Ball
3-1: Base on Balls
Batting: LHB William O'Keefe 0-0: Called Strike
0-1: Ball
1-1: Ball
2-1: Ball
3-1: Ground out 1-3 (Groundball, 13S)
Bottom of the 8th over - 0 runs, 0 hits, 0 errors, 1 left on base; Seattle 4 - New Orleans 9
TOP OF THE 9TH
Seattle Aviators batting - Pitching for New Orleans Voodoo : LHP Fernando Padilla
Batting: SHB Nuygen Vuong 0-0: Ground out 5-3 (Groundball, 56S)
Batting: RHB José Rodríguez 0-0: Fly out, F5 (Line Drive, 56)
Batting: RHB Seon-keun Kim 0-0: Foul Ball, location: 2F
0-1: Ball
1-1: Called Strike
1-2: Foul Ball, location: 2F
1-2: Foul Ball, location: 2F
1-2: Fly out, F8 (Flyball, 8LD)
Top of the 9th over - 0 runs, 0 hits, 0 errors, 0 left on base; Seattle 4 - New Orleans 9
Sunday, March 18th, 2018 - OOTP Baseball 18.8 Build 76